 Dungeon Crawl Stone Soup version 0.27.0 (webtiles) character file.

Game seed: 15973363568486407459

17812 wakim the Bludgeoner (level 12, -5/101 HPs)
             Began as a Minotaur Fighter on July 31, 2021.
             Was a High Priest of Okawaru.
             Slain by a reaper (8 damage)
             ... in an ice cave.
             The game lasted 00:33:52 (10981 turns).

wakim the Bludgeoner (Minotaur Fighter)            Turns: 10981, Time: 00:33:52

Health: -5/101     AC: 20    Str: 26    XL:     12   Next: 22%
Magic:  8/15       EV: 16    Int:  6    God:    Okawaru [*****.]
Gold:   360        SH:  7    Dex:  9    Spells: 11/11 levels left

rFire    + . .     SeeInvis .   a - +2 eveningstar (holy)
rCold    + . .     Faith    .   i - +2 buckler
rNeg     . . .     Spirit   .   d - +0 chain mail
rPois    .         Reflect  .   (helmet restricted)
rElec    .         Harm     .   G - scarf {rC+ rF+}
rCorr    .         Rampage  .   f - +1 pair of gloves
Will     +....                  z - +0 pair of boots
Stlth    ..........             g - amulet of regeneration
HPRegen  1.26/turn              m - +4 ring of evasion
MPRegen  0.14/turn              t - ring of willpower

@: heroic, finesse-ful
A: horns 2, retaliatory headbutt
a: Renounce Religion, Heroism, Finesse


You were in an ice cave.
You worshipped Okawaru.
Okawaru was extremely pleased with you.
You visited 3 branches of the dungeon, and saw 12 of its levels.
You also visited: Sewer and Ice Cave.

You collected 554 gold pieces.
You spent 194 gold pieces at shops.

Inventory:

Hand Weapons
 a - a +2 eveningstar of holy wrath (weapon)
 p - a +4 flail
Missiles
 b - 3 atropa-tipped darts
 e - 69 poisoned darts
 j - 14 boomerangs (quivered)
 l - 3 curare-tipped darts {=f}
 E - a throwing net {=f!f}
Armour
 c - a +0 kite shield
 d - a +0 chain mail (worn)
 f - a +1 pair of gloves (worn)
 i - a +2 buckler (worn)
 z - a +0 pair of boots (worn)
 G - a scarf of resistance (worn)
Jewellery
 g - an amulet of regeneration (around neck)
 m - a +4 ring of evasion (left hand)
 o - a ring of see invisible
 t - a ring of willpower (right hand)
 u - a ring of protection from fire
Wands
 v - a wand of flame (89)
 w - a wand of acid (18)
 x - a wand of iceblast (11)
 y - a wand of paralysis (5)
Scrolls
 n - a scroll of amnesia
 R - a scroll of magic mapping {!r}
 T - 5 scrolls of teleportation
 W - 3 scrolls of holy word
 X - 2 scrolls of fog
 Y - 2 scrolls of blinking {!r}
Potions
 h - a potion of cancellation {unknown}
 k - a potion of degeneration {unknown}
 s - a potion of mutation {unknown}
 A - 2 potions of lignification {unknown}
 B - a potion of attraction {!q}
 C - 2 potions of berserk rage {!q}
 D - 4 potions of brilliance
 F - 4 potions of curing
 H - 2 potions of haste
 I - 3 potions of invisibility
 J - 5 potions of heal wounds
 K - 2 potions of magic
 N - 3 potions of might
 O - 3 potions of resistance


   Skills:
 - Level 8.0(13.0) Fighting
 * Level 15.9(20.9) Maces & Flails
 - Level 2.9(7.9) Throwing
 + Level 15.4(20.4) Armour
 - Level 6.0(11.0) Dodging
 - Level 4.0(9.0) Shields
 - Level 6.0 Invocations


You had 11 spell levels left.
You didn't know any spells.
Your spell library contained the following spells:

 Spells                   Type           Power      Damage    Failure   Level
 Apportation              Tloc           0%         N/A       83%         1
 Foxfire                  Conj/Fire      0%         2x1d4     83%         1
 Magic Dart               Conj           0%         1d3       83%         1
 Sandblast                Erth           0%         2d4       83%         1
 Call Imp                 Summ           0%         N/A       92%         2
 Passwall                 Tmut/Erth      0%         N/A       92%         2
 Searing Ray              Conj           0%         3d3       92%         2
 Conjure Flame            Conj/Fire      0%         6-21      99%         3
 Frozen Ramparts          Ice            0%         1d2       99%         3
 Ignite Poison            Fire/Tmut/Pois 0%         N/A       99%         3
 Inner Flame              Hex/Fire       0%         N/A       99%         3
 Mephitic Cloud           Conj/Pois/Air  0%         N/A       99%         3
 Ozocubu's Armour         Ice            0%         N/A       99%         3
 Stone Arrow              Conj/Erth      0%         3d7       99%         3
 Fulminant Prism          Conj/Hex       0%         3d6       100%        4
 Ice Form                 Ice/Tmut       0%         N/A       100%        4
 Summon Ice Beast         Ice/Summ       0%         N/A       100%        4
 Alistair's Intoxication  Tmut/Pois      0%         N/A       100%        5
 Bolt of Magma            Conj/Fire/Erth 0%         4d4       100%        5
 Freezing Cloud           Conj/Ice/Air   0%         6-21      100%        5
 Lee's Rapid Deconstruct  Erth           0%         3d5*      100%        5
 Invisibility             Hex            0%         N/A       100%        6
 Simulacrum               Ice/Necr       0%         N/A       100%        6
 Ozocubu's Refrigeration  Ice            0%         4d5       100%        7
 Polar Vortex             Ice            0%         N/A       100%        9
 Shatter                  Erth           0%         3d5*      100%        9


Dungeon Overview and Level Annotations

Branches:
Dungeon (10/15)            Temple (1/1) D:7            Lair (1/6) D:10
    Orc (0/2) D:9           Sewer (visited)           IceCv (1/1)

Altars:
Ashenzari
Cheibriados
Dithmenos
Elyvilon
Fedhas
Gozag
Hepliaklqana
Kikubaaqudgha
Makhleb
Nemelex Xobeh
Okawaru
Qazlal
Ru
Sif Muna
Trog
Uskayaw
Vehumet
Wu Jian
Xom
Yredelemnul
Zin
The Shining One

Shops:
D:3 :   D:10 ?([:

Annotations:
D:8 exclusions: oklob plant and oklob sapling
D:10 1 runed translucent door, skAll's ghost, journeyman TrWn


Innate Abilities, Weirdness & Mutations

You have a pair of horns on your head.
You reflexively headbutt those who attack you in melee.


Message History

The harpy simulacrum claws you but does no damage.
The harpy simulacrum claws you! The harpy simulacrum freezes you. You resist.
The harpy simulacrum claws you but does no damage.
You puncture the harpy simulacrum!
The harpy simulacrum convulses.
You headbutt the harpy simulacrum.
The harpy simulacrum vaporises!
Okawaru accepts your kill.
You hit the dire elephant simulacrum but do no damage.
You headbutt the dire elephant simulacrum, but do no damage.
You bludgeon the dire elephant simulacrum!!
The dire elephant simulacrum convulses!!
The dire elephant simulacrum vaporises!
Okawaru accepts your kill.
You are engulfed in freezing vapours.
You resist.
No reachable target in view!
Unknown command.
You are engulfed in freezing vapours.
You resist.
The reaper hits you with a +2 scythe of freezing!
The reaper freezes you.
The elephant simulacrum tramples you but does no damage.
The elephant simulacrum trunk-slaps you but does no damage.
You see here a +0 great mace of freezing.
You puncture the reaper!
The reaper convulses!!
The reaper is heavily wounded.
The reaper hits you with a +2 scythe of freezing.
The reaper freezes you.
You gain the combat prowess of a mighty hero.
The elephant simulacrum tramples you! The elephant simulacrum freezes you!
You resist.
* * * LOW HITPOINT WARNING * * *
The elephant simulacrum trunk-slaps you but does no damage.
The reaper hits you with a +2 scythe of freezing!
* * * LOW HITPOINT WARNING * * *
The reaper freezes you.
* * * LOW HITPOINT WARNING * * *
You can now deal lightning-fast blows.
The reaper hits you with a +2 scythe of freezing!!!
* * * LOW HITPOINT WARNING * * *
The reaper freezes you!
You die...

##########
#.$$$$}Z)##
#...$$$2@.######
.....$$$[#§#○#.#
....#$$###§§.°.##
... ### #§°§§§§.#
##### .
##☼§§§§#####...##
#§...§○§##...##.#
##....#....####..
###.####..# ##.
### #.### #.


You could see a reaper and an elephant simulacrum.

Vanquished Creatures
  2 two-headed ogres
  The ghost of dadaray the Cleaver, a novice DsGl of Okawaru (D:7)
  2 cyclopes
  A torpor snail (Lair:1)
  Joseph (D:7)
  The ghost of heinrich the Covert, a novice GnDe (D:5)
  A cane toad (Lair:1)
  A gargoyle (D:9)
  2 ice devils (Lair:1)
  4 rime drakes (Lair:1)
  A komodo dragon (D:10)
  2 freezing wraiths
  2 trolls
  Grinder (D:5)
  14 yaks
  A dire elephant simulacrum (IceCv)
  Eustachio (D:4)
  3 wyverns (D:9)
  A basilisk (D:10)
  A vampire (D:7)
  2 death yak simulacra (IceCv)
  Menkaure (D:6)
  An acid dragon (D:9)
  A harpy simulacrum (IceCv)
  Edmund (D:4)
  9 water moccasins
  Duvessa (D:6)
  2 orc warriors
  2 hornet zombies
  An ice beast (D:6)
  2 sky beasts
  A black bear (D:8)
  An ogre (D:6)
  3 centaurs
  2 phantoms (D:9)
  4 kobold brigands
  Blork the orc (D:6)
  4 bullfrogs
  2 gnoll sergeants (D:6)
  A water moccasin zombie (D:6)
  4 two-headed ogre simulacra (IceCv)
  A cane toad simulacrum (IceCv)
  Dowan (D:6)
  A wyvern skeleton (D:7)
  A scorpion (D:4)
  A water moccasin skeleton (D:6)
  3 elephant simulacra (IceCv)
  An oklob sapling (D:8)
  8 killer bees
  A howler monkey (D:5)
  17 wights
  A spectral centaur (D:7)
  6 centaur zombies
  A hound (D:8)
  2 jellies (D:6)
  A gnoll shaman (D:9)
  6 orc priests
  4 iguanas
  9 orc wizards
  Terence (D:2)
  6 troll simulacra (IceCv)
  2 polar bear simulacra (IceCv)
  4 spriggan simulacra (IceCv)
  A killer bee zombie (D:8)
  8 ogre zombies (D:9)
  A mummy (D:7)
  A spectral howler monkey (D:7)
  2 howler monkey zombies (D:10)
  12 adders
  10 gnolls
  A howler monkey skeleton (D:5)
  7 naga simulacra (IceCv)
  A river rat (D:6)
  2 white imps (IceCv)
  3 ufetubi (IceCv)
  A worm (D:4)
  22 orcs
  4 endoplasms
  3 giant cockroaches
  6 goblins
  A hobgoblin (D:4)
  4 jackals
  29 kobolds
  6 quokkas
  21 ball pythons
  12 bats
  3 frilled lizards
  A goblin skeleton (D:9)
  3 goblin zombies (D:9)
  A hobgoblin skeleton (D:9)
  3 hobgoblin zombies (D:9)
  3 orc skeletons (D:9)
  14 orc zombies (D:9)
  7 rats
360 creatures vanquished.

Vanquished Creatures (others)
  2 fungi (D:5)
  15 plants
17 creatures vanquished.

Grand Total: 377 creatures vanquished

Notes
Turn   | Place    | Note
-------+----------+-------------------------------------------
     0 | D:1      | wakim the Minotaur Fighter began the quest for the Orb.
     0 | D:1      | Reached XP level 1. HP: 19/19 MP: 0/0
   142 | D:1      | Found a faded altar of an unknown god.
   872 | D:1      | Reached XP level 2. HP: 23/27 MP: 1/1
  1214 | D:2      | Noticed Terence
  1235 | D:2      | Killed Terence
  1236 | D:2      | Reached XP level 3. HP: 26/33 MP: 2/2
  1289 | D:2      | Found an iron altar of Okawaru.
  1619 | D:2      | Reached XP level 4. HP: 40/40 MP: 3/3
  2130 | D:3      | Noticed a water moccasin
  2139 | D:3      | Killed a water moccasin
  2140 | D:3      | Reached skill level 5 in Maces & Flails
  2140 | D:3      | Reached XP level 5. HP: 13/47 MP: 4/4
  2761 | D:3      | Found Zowoe's Book Shoppe.
  2990 | D:3      | Reached skill level 5 in Armour
  3030 | D:4      | Noticed Edmund
  3044 | D:4      | Killed Edmund
  3045 | D:4      | Reached skill level 5 in Fighting
  3045 | D:4      | Reached XP level 6. HP: 53/56 MP: 5/5
  3301 | D:4      | Noticed Eustachio
  3318 | D:4      | Killed Eustachio
  3367 | D:4      | Reached XP level 7. HP: 62/62 MP: 6/6
  3768 | D:5      | Entered Level 5 of the Dungeon
  3787 | D:5      | Noticed Grinder
  3787 | D:5      | Paralysed by Grinder for 5 turns
  3796 | D:5      | Killed Grinder
  3857 | D:5      | Found a runed translucent gate.
  3866 | D:5      | Found a runed translucent gate.
  3867 | D:5      | Found a runed translucent gate.
  3869 | D:5      | Noticed heinrich's ghost (novice GnDe)
  4220 | D:2      | Became a worshipper of Warmaster Okawaru
  4849 | D:5      | Reached skill level 1 in Dodging
  4923 | D:6      | Noticed Duvessa
  4940 | D:5      | Reached XP level 8. HP: 70/71 MP: 7/7
  4949 | D:6      | Killed Duvessa
  4950 | D:6      | Reached skill level 1 in Invocations
  5087 | D:6      | Noticed Menkaure
  5090 | D:6      | Reached * piety under Okawaru
  5095 | D:6      | Killed Menkaure
  5145 | D:6      | Identified the +0 trident of Ybrall {flame, rPois Str+4}
  5145 | D:6      | Noticed Blork the orc
  5161 | D:6      | Killed Blork the orc
  5289 | D:6      | Noticed Dowan
  5301 | D:6      | Killed Dowan
  5364 | D:6      | Found a glowing drain.
  5380 | Sewer    | Entered a sewer
  5616 | Sewer    | Reached XP level 9. HP: 74/79 MP: 10/10
  5914 | D:6      | Reached ** piety under Okawaru
  5915 | D:6      | Reached skill level 10 in Maces & Flails
  6196 | D:6      | Noticed a two-headed ogre
  6198 | D:6      | Reached skill level 10 in Armour
  6242 | D:6      | Noticed a cyclops
  6264 | D:6      | Killed a cyclops
  6296 | D:6      | Killed a two-headed ogre
  6374 | D:7      | Found a staircase to the Ecumenical Temple.
  6402 | D:7      | Reached XP level 10. HP: 84/88 MP: 12/12
  6418 | Temple   | Entered the Ecumenical Temple
  6683 | D:7      | Found a transporter.
  6684 | D:7      | Noticed dadaray's ghost (novice DsGl)
  6688 | D:7      | Found a transporter.
  6715 | D:7      | Reached skill level 5 in Invocations
  6835 | D:7      | Noticed Joseph
  6898 | D:7      | Reached *** piety under Okawaru
  6901 | D:7      | Killed Joseph
  6902 | D:7      | Reached skill level 1 in Throwing
  6985 | D:7      | Identified the +1 buckler of Qeerunn {Str-3 Dex+7}
  7325 | D:7      | Identified a scroll of acquirement
  7325 | D:7      | Acquired a +0 eveningstar of holy wrath
  7420 | D:5      | Killed heinrich's ghost
  7776 | D:8      | Noticed a cyclops
  7783 | D:8      | Killed a cyclops
  7783 | D:8      | Received a gift from Okawaru
  7812 | D:8      | Reached **** piety under Okawaru
  8580 | D:8      | Noticed an oklob plant
  8678 | D:9      | Reached skill level 5 in Dodging
  8680 | D:9      | Reached XP level 11. HP: 80/94 MP: 14/14
  8874 | D:9      | Found a staircase to the Orcish Mines.
  8958 | D:9      | Reached ***** piety under Okawaru
  9372 | D:10     | Entered Level 10 of the Dungeon
  9413 | D:10     | Found Aron's Armour Emporium.
  9419 | D:10     | Found Suxuciat's Book Shop.
  9545 | D:9      | Received a gift from Okawaru
  9578 | D:10     | Found Koatwa's Weapon Boutique.
  9578 | D:10     | Noticed a two-headed ogre
  9584 | D:10     | Killed a two-headed ogre
  9607 | D:10     | Found a staircase to the Lair.
  9640 | D:10     | Found a runed translucent door.
  9640 | D:10     | Noticed skAll's ghost (journeyman TrWn)
  9660 | D:10     | Found Riurenau's Magic Scroll Boutique.
  9673 | D:10     | Found a glowing golden altar of the Shining One.
  9777 | D:10     | Bought a scroll of identify for 26 gold pieces
  9777 | D:10     | Bought a scroll of blinking for 97 gold pieces
  9777 | D:10     | Bought a scroll of identify for 26 gold pieces
  9777 | D:10     | Bought a scroll of magic mapping for 45 gold pieces
 10006 | D:10     | Received a gift from Okawaru
 10184 | D:7      | Killed dadaray's ghost
 10185 | D:7      | Reached skill level 15 in Maces & Flails
 10368 | Lair:1   | Entered Level 1 of the Lair of Beasts
 10470 | Lair:1   | Reached skill level 15 in Armour
 10506 | Lair:1   | Reached XP level 12. HP: 101/101 MP: 15/15
 10540 | Lair:1   | Found a frozen archway.
 10556 | IceCv    | Entered an ice cave
 10872 | IceCv    | Received a gift from Okawaru
 10969 | IceCv    | Noticed a reaper
 10981 | IceCv    | HP: 3/101 [reaper (36)]
 10981 | IceCv    | Slain by a reaper

Illustrated notes

Levels and vault maps discovered:
D:1:      amcnicky_arrival_blooded_trapdoor, layout_basic,
          ebering_ecumenical_altar_mist
D:2:      minmay_angry_zag, layout_basic, basic_altar, minmay_misc_feat_encased,
          uniq_terence
D:3:      minmay_wonky_spiral, layout_basic, serial_shops, nicolae_shop_trees,
          grunt_ministairs_12
D:4:      layout_loops_ring, hangedman_abyss_or_decor_stabs, uniq_eustachio,
          uniq_edmund
D:5:      layout_loops_ring, gammafunk_ghost_nasty_kobolds,
          kennysheep_generic_room_5, uniq_grinder
D:6:      minmay_chambers_of_sixes, layout_loops_cross, portal_sewer_entry_b,
          chequers_serial_rivers_micro_c, uniq_blork_the_orc, uniq_duvessa,
          uniq_menkaure
D:7:      layout_basic, minmay_temple_entry_butterflies,
          gammafunk_ghost_mausoleum, uniq_joseph
D:8:      lemuel_ice_spiral_2, layout_basic, introduction_to_nature_2
D:9:      layout_roguey, zombieorc2_lemuel, serial_curves, eino_curves_02,
          eino_curves_03, hangedman_abyss_or_decor_jellyfish_corner
D:10:     layout_big_octagon, lemuel_tele_altar, minmay_lair_entry_grove,
          serial_shops, nicolae_shop_behind_doors,
          nicolae_shop_competitors_out_of_business, shop,
          nicolae_take_the_stairs, gammafunk_ghost_grave, st_stairs_4
Temple:   minmay_crystal_snake_temple
Lair:1:   layout_layer_cave, portal_ice_cave_demonic_guard, serial_bayou_pond_e,
          serial_bayou_ford_a, hellmonk_guarded_unrand_zhor
IceCv:    ice_cave_caverns_02

Skill      XL: |  1  2  3  4  5  6  7  8  9 10 11 |
---------------+----------------------------------+-----
Maces & Flails | 3 4 5 6 8 9 11 12 15 | 15.9
Armour         | 4 5 6 7 9 11 12 15 | 15.4
Fighting       | 4 5 6 7 8 |  8.0
Shields        | 4 |  4.0
Dodging        | 1 3 5 6 |  6.0
Invocations    | 3 4 6 |  6.0
Throwing       | 2 |  2.9

Action                   |  1- 3 |  4- 6 |  7- 9 | 10-12 || total
-------------------------+-------+-------+-------+-------++-------
Melee: Flail             |    83 |    49 |       |       ||   132
       Headbutt          |     8 |    11 |    57 |    87 ||   163
       Dagger            |       |     3 |       |       ||     3
       Dire flail        |       |    32 |   297 |    64 ||   393
       Eveningstar       |       |       |       |   475 ||   475
Throw: Dart              |    10 |       |       |    13 ||    23
       Boomerang         |       |       |       |     2 ||     2
Invok: Heroism           |       |       |     5 |     5 ||    10
       Finesse           |       |       |       |     2 ||     2
Evoke: Wand              |       |       |       |     8 ||     8
  Use: Scroll            |     2 |     8 |     5 |    10 ||    25
Armor: Scale mail        |    27 |       |       |       ||    27
       Chain mail        |    27 |    52 |   159 |   199 ||   437
Dodge: Dodged            |    43 |    29 |   151 |   230 ||   453
Block: Buckler           |    18 |    11 |       |   111 ||   140
